 Dungeon Crawl Stone Soup version 0.29.0-11-gd7f09526c8 (webtiles) character file.

Game seed: 17466194716408840249

25 ANNNA the Magician (level 2, -2/15 HPs)
             Began as a Deep Elf Hedge Wizard on Sept 6, 2022.
             Slain by a hobgoblin (4 damage)
             ... on level 1 of the Dungeon.
             The game lasted 00:05:14 (1009 turns).

ANNNA the Magician (Deep Elf Hedge Wizard)          Turns: 1009, Time: 00:05:15

Health: -2/15      AC:  2    Str:  7    XL:     2   Next: 86%
Magic:  0/10       EV: 12    Int: 18    God:
Gold:   31         SH:  0    Dex: 14    Spells: 7/11 levels left

rFire   . . .      SeeInvis .   a - +0 dagger
rCold   . . .      Faith    .   (no shield)
rNeg    . . .      Spirit   .   b - +0 robe
rPois   .          Reflect  .   c - +0 hat
rElec   .          Harm     .   (no cloak)
rCorr   .          Rampage  .   (no gloves)
Will    .....                   (no boots)
Stlth   ++........              (no amulet)
HPRegen 0.05/turn               (no ring)
MPRegen 0.12/turn               (no ring)

@: no status effects
A: no striking features
a: no special abilities


You were on level 1 of the Dungeon.
You visited 1 branch of the dungeon, and saw 1 of its levels.

You collected 31 gold pieces.

Inventory:

Hand Weapons
 a - a +0 dagger (weapon)
Armour
 b - a +0 robe (worn)
 c - a +0 hat (worn)
Magical Staves
 f - a staff of air
Scrolls
 e - a scroll of amnesia {unknown}
 h - a scroll of immolation {unknown}
Potions
 d - a potion of magic
 g - a potion of attraction {unknown}
 i - a potion of cancellation {unknown}


   Skills:
 + Level 0.4 Short Blades
 + Level 2.5 Dodging
 + Level 2.8 Stealth
 + Level 5.3 Spellcasting
 + Level 1.2 Conjurations
 + Level 0.4 Hexes
 + Level 1.1 Summonings
 + Level 1.1 Translocations


You had 7 spell levels left.
You knew the following spells:

 Your Spells              Type           Power      Damage    Failure   Level
a - Magic Dart            Conj           36%        1d4       8%          1
b - Slow                  Hex            24%        N/A       11%         1
c - Blink                 Tloc           16%        N/A       12%         2

Your spell library contained the following spells:

 Spells                   Type           Power      Damage    Failure   Level
 Call Imp                 Summ           8%         N/A       12%         2
 Conjure Flame            Conj/Fire      7%         6-21      30%         3
 Mephitic Cloud           Conj/Pois/Air  6%         N/A       32%         3


Dungeon Overview and Level Annotations

Branches:
Dungeon (1/15)

Altars:


Message History

The hobgoblin is moderately wounded.
The hobgoblin hits you but does no damage.
You hit the hobgoblin but do no damage.
The hobgoblin is moderately wounded.
The hobgoblin hits you.
Your magical contamination has completely faded away.
You barely miss the hobgoblin.
The hobgoblin is moderately wounded.
The hobgoblin misses you.
You hit the hobgoblin but do no damage.
The hobgoblin is moderately wounded.
The hobgoblin hits you.
Casting: Magic Dart (safe; 8% risk of failure)
Confirm with . or Enter, or press ? or * to list all spells.
Aiming: Magic Dart (safe; 8% risk of failure)
Press: ? - help, Shift-Dir - straight line, f - hobgoblin
Aim: a hobgoblin (moderately wounded, 100% to hit)
The magic dart hits the hobgoblin but does no damage.
The hobgoblin is moderately wounded.
The hobgoblin barely misses you. The hobgoblin attacks as you move away!
The hobgoblin misses you.
Casting: Magic Dart (safe; 8% risk of failure)
Confirm with . or Enter, or press ? or * to list all spells.
Aiming: Magic Dart (safe; 8% risk of failure)
Press: ? - help, Shift-Dir - straight line, f/p - hobgoblin
Aim: a hobgoblin (moderately wounded, 100% to hit)
The magic dart hits the hobgoblin.
The hobgoblin is heavily wounded.
The hobgoblin closely misses you. The hobgoblin attacks as you move away!
The hobgoblin hits you.
* * * LOW HITPOINT WARNING * * *
Casting: Magic Dart (safe; 8% risk of failure)
Confirm with . or Enter, or press ? or * to list all spells.
Aiming: Magic Dart (safe; 8% risk of failure)
Press: ? - help, Shift-Dir - straight line, f/p - hobgoblin
Aim: a hobgoblin (lightly wounded, 100% to hit)
The magic dart hits the hobgoblin.
The hobgoblin is heavily wounded.
The hobgoblin hits you.
You die...

########
....†..#
######.# #.#
###
#.#########.##
#............#
###########.##
#g# #@# ## #.#
..# #.# #.#
#.# ... #.#
#.# #.# #.#
#.#
##.########.#
#...........#


You could see a hobgoblin.

Vanquished Creatures
  A dart slug (D:1)
  A ball python (D:1)
  2 bats (D:1)
  An endoplasm (D:1)
  2 giant cockroaches (D:1)
  A goblin (D:1)
  A hobgoblin (D:1)
  5 jackals (D:1)
  A quokka (D:1)
  A frilled lizard (D:1)
  4 rats (D:1)
20 creatures vanquished.

Notes
Turn   | Place    | Note
-------+----------+-------------------------------------------
     0 | D:1      | ANNNA the Deep Elf Hedge Wizard began the quest for the
                  | Orb.
     0 | D:1      | Reached XP level 1. HP: 10/10 MP: 7/7
   290 | D:1      | Learned a level 1 spell: Slow
   328 | D:1      | Reached XP level 2. HP: 15/15 MP: 9/9
   331 | D:1      | Learned a level 2 spell: Blink
   394 | D:1      | Reached skill level 5 in Spellcasting
  1009 | D:1      | Slain by a hobgoblin

Illustrated notes

Levels and vault maps discovered:
D:1:      dpeg_arrival_fog, layout_loops_ring

Skill      XL: |  1  2 |
---------------+-------+-----
Spellcasting   | 5 |  5.3
Short Blades   | |  0.4
Dodging        | |  2.5
Stealth        | |  2.8
Conjurations   | |  1.2
Hexes          | |  0.4
Summonings     | |  1.1
Translocations | |  1.1

Action                   || total
-------------------------++-------
Melee: Dagger            ||    27
 Cast: Magic Dart        ||    39
       Slow              ||    12
 Stab: Sleeping          ||     3
Armor: Robe              ||    11
Dodge: Dodged            ||    25
